 Dungeon Crawl Stone Soup version 0.26.1-11-gd32895ea62 (webtiles) character file.

Game seed: 16437158320662695378

371 H0rd4k the Insei (level 6, 0/38 HPs)
             Began as an Octopode Transmuter on May 26, 2021.
             Slain by a wight
             ... wielding a +0 battleaxe
              (14 damage)
             ... on level 4 of the Dungeon.
             The game lasted 00:02:49 (4562 turns).

H0rd4k the Insei (Octopode Transmuter)              Turns: 4562, Time: 00:02:50

Health: 0/38       AC:  1    Str:  9    XL:     6   Next: 70%
Magic:  10/10      EV: 14    Int: 17    God:
Gold:   203        SH:  0    Dex: 13    Spells: 7/11 levels left

rFire    . . .     SeeInvis .     - Unarmed
rCold    . . .     Faith    .   (no shield)
rNeg     . . .     Spirit   .   (helmet restricted)
rPois    .         Reflect  .   (no amulet)
rElec    .         Harm     .   c - ring of resist corrosion
rCorr    +         Rampage  .   (no ring)
Will     .....                  (no ring)
Stlth    ++++......             (no ring)
HPRegen  0.12/turn              (no ring)
MPRegen  0.12/turn              (no ring)
                                (no ring)
                                (no ring)

@: no status effects
A: almost no armour, stealthy swim, amphibious, 8 rings, constrict 8, camouflage
1, gelatinous body 1
a: no special abilities


You were on level 4 of the Dungeon.
You visited 1 branch of the dungeon, and saw 4 of its levels.

You collected 203 gold pieces.

Inventory:

Hand Weapons
 l - a +1 vorpal hunting sling
Missiles
 b - 6 silver javelins
Jewellery
 c - a ring of resist corrosion (left tentacle)
Scrolls
 a - 4 scrolls of enchant weapon {unknown}
 d - 4 scrolls of identify {unknown}
 e - 2 scrolls of amnesia {unknown}
 i - 2 scrolls of magic mapping {unknown}
 j - 2 scrolls of remove curse {unknown}
 k - a scroll of immolation {unknown}
 m - a scroll of noise {unknown}
Potions
 f - a potion of degeneration
 g - 2 potions of haste
 h - a potion of mutation {unknown}


   Skills:
 + Level 1.2 Fighting
 + Level 2.6 Dodging
 * Level 4.4 Stealth
 + Level 4.7 Unarmed Combat
 * Level 3.1 Spellcasting
 * Level 2.7 Transmutations
 * Level 2.0 Poison Magic


You had 7 spell levels left.
You knew the following spells:

 Your Spells              Type           Power        Failure   Level
a - Beastly Appendage     Tmut           22%          5%          1
b - Spider Form           Tmut/Pois      5%           19%         3

Your spell library contained the following spells:

 Spells                   Type           Power        Failure   Level
 Wereblood                Tmut           11%          9%          2
 Ice Form                 Ice/Tmut       7%           69%         4
 Blade Hands              Tmut           5%           83%         5


Dungeon Overview and Level Annotations

Branches:
Dungeon (4/15)
 Temple: D:4-7

Altars:
Wu Jian


Innate Abilities, Weirdness & Mutations

You cannot wear most types of armour.
You are very stealthy in the water. (Stealth+)
You are amphibious.
You can wear up to eight rings at the same time.
You can use your tentacles to constrict eight enemies at once.
Your skin changes colour to match your surroundings (Stealth+).
Your rubbery body absorbs attacks. (AC +1, EV +1)


Message History

The wight is moderately damaged.
You constrict the wight. The wight misses you.
You tentacle-slap the wight but do no damage.
You squeeze the wight.
The wight is heavily damaged.
You constrict the wight. The wight misses you.
The wight hits you from afar with a +3 halberd!
You tentacle-slap the wight but do no damage.
The wight is heavily damaged.
You constrict the wight, but do no damage.
The wight hits you with a +0 battleaxe!
You tentacle-slap the wight. Your squeeze misses the wight.
The wight is severely damaged.
You constrict the wight. The wight barely misses you.
You tentacle-slap the wight.
You squeeze the wight, but do no damage.
The wight is almost destroyed.
You constrict the wight, but do no damage.
The wight hits you with a +0 battleaxe!
You die...

#.# #.# #.####..#
####.#### #.# #.......#
#.......# ##.##
#######.# #.#####.#
##...## ######.# #.#
#.# #.....####......#
#.# #.#
##...###....##### #.#
#.# ##.## #.#..#
#.#####.#####.####.#..#
#.............zz@.....#
#############.####....#
#.# ###### #.# #.# #..
#.# #.# ### #..


You could see 2 wights.

Vanquished Creatures
  An ogre (D:4)
  A wight (D:4)
  A bullfrog skeleton (D:4)
  An orc wizard (D:3)
  2 worker ants (D:4)
  6 adders
  An ooze (D:2)
  An adder skeleton (D:4)
  2 worms
  A dart slug (D:1)
  2 leopard geckos
  10 orcs
  A ball python (D:3)
  4 bats
  3 giant cockroaches
  5 goblins
  5 hobgoblins
  5 jackals
  2 quokkas
  5 frilled lizards
  5 kobolds
  A quokka skeleton (D:4)
  9 rats
74 creatures vanquished.

Notes
Turn   | Place    | Note
-------+----------+-------------------------------------------
     0 | D:1      | H0rd4k the Octopode Transmuter began the quest for the Orb.
     0 | D:1      | Reached XP level 1. HP: 13/13 MP: 3/3
    92 | D:1      | Reached XP level 2. HP: 18/18 MP: 5/5
   740 | D:2      | Reached XP level 3. HP: 14/23 MP: 6/6
   747 | D:2      | Learned a level 3 spell: Spider Form
  1310 | D:2      | Reached skill level 1 in Stealth
  1650 | D:3      | Reached XP level 4. HP: 28/28 MP: 7/7
  2235 | D:3      | Found an ornate altar of the Wu Jian Council.
  2363 | D:3      | Reached XP level 5. HP: 17/33 MP: 4/8
  2834 | D:3      | Reached skill level 1 in Poison Magic
  4262 | D:4      | Reached XP level 6. HP: 38/38 MP: 10/10
  4562 | D:4      | Slain by a wight

Illustrated notes

Levels and vault maps discovered:
D:1:      dpeg_arrival_solitude, layout_rooms
D:2:      layout_rooms
D:3:      layout_loops_corners, old_standard_altar,
          minmay_misc_feat_four_crosses
D:4:      layout_loops_corners

Skill      XL: |  1  2  3  4  5  6 |
---------------+-------------------+-----
Stealth        | 1 2 3 4 |  4.4
Unarmed Combat | 4 |  4.7
Poison Magic   | 1 2 |  2.0
Spellcasting   | 3 |  3.1
Fighting       | |  1.2
Dodging        | |  2.6
Transmutations | |  2.7

Action                   |  1- 3 |  4- 6 || total
-------------------------+-------+-------++-------
Melee: Unarmed           |    67 |   143 ||   210
       Constrict         |    22 |    30 ||    52
       Tentacles         |    12 |    19 ||    31
       Punch             |     3 |     2 ||     5
 Cast: Spider Form       |       |     3 ||     3
  Use: Potion            |       |     5 ||     5
 Stab: Sleeping          |     3 |    13 ||    16
Armor: Skin              |     1 |    11 ||    12
Dodge: Dodged            |    41 |    85 ||   126
